 Dungeon Crawl Stone Soup version 0.20.0-15-g7f486f2 (webtiles) character file.

41136 spinkules the Severer (level 14, 0/92 HPs)
             Began as a Gargoyle Berserker on June 27, 2017.
             Was a High Priest of Trog.
             Slain by a yak (7 damage)
             ... on level 6 of the Lair of Beasts.
             The game lasted 01:01:26 (19396 turns).

spinkules the Severer (Gargoyle Berserker)         Turns: 19396, Time: 01:01:27

Health: 0/92       AC: 12    Str: 28    XL:     14   Next: 14%
Magic:  0/4        EV: 12    Int:  9    God:    Trog [*****.]
Gold:   1215       SH:  0    Dex: 17    Spells: 13/13 levels left

rFire    . . .     SeeInvis .   Z - +7 executioner's axe (antimagic)
rCold    . . .     Gourm    .   (shield currently unavailable)
rNeg     + + +     Faith    +   (no armour)
rPois    ∞         Spirit   +   Y - +0 helmet
rElec    +         Reflect  .   y - scarf {Spirit}
rCorr    .         Harm     .   B - +0 pair of gloves
MR       +++..                  (no boots)
Stlth    ++........             S - amulet of faith
Regen    1.3/turn               L - ring "Kuvec" {rN+ Str+7 Dex+4}
MPRegen  0.1/turn               O - ring of positive energy

@: berserk cooldown, regenerating, slowed, very slow
A: big wings, negative energy resistance 1, electricity resistance, unbreathing,
petrification resistance, rot immunity, AC +9
a: Fly, Berserk, Trog's Hand, Brothers in Arms, Burn Spellbooks, Renounce
Religion


You were on level 6 of the Lair of Beasts.
You worshipped Trog.
Trog was extremely pleased with you.
You were near starving.

You visited 2 branches of the dungeon, and saw 16 of its levels.

You collected 1215 gold pieces.

Inventory:

Hand Weapons
 p - the +12 war axe "Muum" {protect, +Fly rC+ rN+}
   (You found it on level 2 of the Lair of Beasts)

   It protects the one who uses it against injury (+AC on strike).
   It protects you from cold.
   It protects you from negative energy.
   It lets you fly.
 C - a +0 battleaxe
 Z - a +7 antimagic executioner's axe (weapon)
Armour
 i - a +0 pair of gloves
 y - a scarf of spirit shield (worn)
 B - a +0 pair of gloves (worn)
 N - a +0 plate armour
 Y - a +0 helmet (worn)
Jewellery
 x - an uncursed ring of flight
 A - an uncursed ring of protection from fire
 D - an uncursed ring of fire
 G - an uncursed ring of see invisible
 L - the ring "Kuvec" (left hand) {rN+ Str+7 Dex+4}
   (You found it on level 7 of the Dungeon)

   [ring of dexterity]

   It affects your strength (+7).
   It affects your dexterity (+4).
   It protects you from negative energy.
 O - a ring of positive energy (right hand)
 S - an amulet of faith (around neck)
 V - an uncursed ring of resist corrosion
Wands
 u - a wand of flame (25/48)
 v - a wand of flame (48/48)
 E - a wand of clouds (4/9)
 Q - a wand of confusion (34/48)
 T - a wand of confusion (27/48)
Scrolls
 b - 6 scrolls of identify
 g - a scroll of blinking {unknown}
 j - 2 scrolls of enchant weapon {unknown}
 m - 2 scrolls of fear {unknown}
 r - 5 scrolls of magic mapping {unknown}
 s - 8 scrolls of enchant armour {unknown}
 t - 5 scrolls of remove curse
 w - 4 scrolls of immolation {unknown}
 I - 4 scrolls of amnesia {unknown}
 K - 3 scrolls of vulnerability {unknown}
 X - a scroll of summoning {unknown}
Potions
 d - 3 potions of mutation
 e - 3 potions of flight
 f - 2 potions of lignification
 h - 5 potions of curing
 k - 5 potions of haste
 l - 3 potions of brilliance
 o - 3 potions of cancellation
 q - 3 potions of berserk rage
 z - 3 potions of agility
 F - 3 potions of magic
 H - a potion of degeneration {unknown}
 M - a potion of resistance
 U - a potion of heal wounds
 W - 2 potions of invisibility {unknown}
Miscellaneous
 a - a lightning rod (4/4)
Comestibles
 c - 11 bread rations
 n - 10 meat rations
 J - 2 royal jellies
 P - 7 fruits


   Skills:
 - Level 12.0 Fighting
 + Level 17.3 Axes
 - Level 9.8 Armour
 - Level 1.5 Dodging


You had 13 spell levels left.
You didn't know any spells.

Dungeon Overview and Level Annotations

Branches:
Dungeon (10/15)            Temple (0/1) D:4            Lair (6/6) D:10
  Swamp (0/4) Lair:3        Snake (0/4) Lair:4        Slime (0/5) Lair:5
    Orc (0/2) D:9

Altars:
Cheibriados
Elyvilon
Gozag
Okawaru
Ru
Trog
Uskayaw
Jiyva

Shops:
D:5 (

Annotations:
Lair:4 exclusion: oklob plant


Innate Abilities, Weirdness & Mutations

You are resistant to torment.
Your stone body is resilient. (AC +9)
You are immune to poison.
Your large and strong wings let you fly indefinitely.
You resist negative energy. (rN+)
You are resistant to electric shocks. (rElec)
You can survive without breathing.
You are immune to petrification.
You are immune to rotting.


Message History

You are feeling very hungry.
Mmmm...
Yummy lychee.
The water moccasin bites you.
* * * LOW HITPOINT WARNING * * *
The yak gores you.
* * * LOW HITPOINT WARNING * * *
The yak gores you but does no damage. The yak gores you.
* * * LOW HITPOINT WARNING * * *
Your cyclops hits the basilisk!!!
The basilisk dies!
Trog accepts your kill.
The water moccasin bites you but does no damage.
Your skin crawls.
You feel resistant to hostile enchantments.
You are near starving!
Your cyclops hits the yak!! The yak gores you but does no damage.
The yak barely misses you. The yak gores you!
* * * LOW HITPOINT WARNING * * *
The water moccasin barely misses you.
Your cyclops hits the yak. The yak gores you!
You die...

...#....#.
.......# #..$.##
###%..### ##
##.#...#.##.# ##
#..........##..##
##...#..†P.......
###..#.CYS......
##..PPP.@YY..##
#.#......Y......
##.....#P......#
#..#.######..#!
###...#.####..#
#...###..P..## #
##..###...
#.###..##.#
..#.....#...##


You could see 4 yaks, a water moccasin and a friendly cyclops (berserk).

Vanquished Creatures
  Gastronok (Lair:2)
  3 hydras
  3 death yaks (Lair:5)
  3 two-headed ogres
  Urug (D:10)
  Sonja (D:10)
  Pikel (D:5)
  2 centaur zombies
  6 elephants (Lair:4)
  7 black mambas
  Psyche (D:10)
  16 spiny frogs
  5 komodo dragons
  2 rime drakes
  The ghost of Agrougrou the Magician, a novice DECj of Vehumet (D:5)
  A polar bear (Lair:5)
  Grinder (D:6)
  3 tyrant leeches (Lair:3)
  8 dream sheep
  14 blink frogs
  9 hippogriffs
  2 wyverns
  30 yaks
  3 basilisks
  A hungry ghost (D:9)
  Menkaure (D:5)
  2 steam dragons
  A naga (Lair:4)
  2 swamp worms
  A soldier ant (D:7)
  9 water moccasins
  3 ice beasts
  8 porcupines
  4 orc warriors
  5 phantoms
  A slave (D:5)
  5 ogres
  A centaur (D:7)
  Blork the orc (D:5)
  A big kobold (D:9)
  13 crocodiles
  13 bullfrogs
  A wyvern skeleton (D:7)
  3 scorpions
  5 killer bees (D:9)
  4 wights (D:6)
  2 howler monkeys
  7 crimson imps
  A bullfrog zombie (D:5)
  5 hounds
  8 orc priests
  2 jellies
  A centaur skeleton (D:4)
  2 bullfrog skeletons
  4 iguanas
  15 orc wizards
  10 worker ants
  A killer bee zombie (D:6)
  A hound zombie (D:5)
  A howler monkey zombie (D:8)
  A worker ant zombie (D:10)
  12 gnolls
  13 adders
  2 oozes
  An adder skeleton (D:4)
  5 worms
  6 dart slugs
  3 leopard geckos
  75 orcs
  10 bats
  3 giant cockroaches
  5 goblins
  5 hobgoblins
  10 jackals
  8 quokkas
  11 frilled lizards
  13 kobolds
  A leopard gecko skeleton (D:7)
  A quokka zombie (D:8)
  11 rats
  2 fungi
  3 plants
470 creatures vanquished.

Vanquished Creatures (collateral kills)
  A basilisk (Lair:6)
1 creature vanquished.

Vanquished Creatures (others)
  8 fungi
  6 plants
14 creatures vanquished.

Grand Total: 485 creatures vanquished

Notes
Turn   | Place    | Note
-------+----------+-------------------------------------------
     0 | D:1      | spinkules the Gargoyle Berserker began the quest for the Orb.
     0 | D:1      | Reached XP level 1. HP: 14/14 MP: 1/1
   178 | D:1      | Reached skill level 3 in Axes
   230 | D:1      | Reached XP level 2. HP: 14/19 MP: 2/2
   682 | D:1      | Reached XP level 3. HP: 21/23 MP: 3/3
   869 | D:1      | Reached ** piety under Trog
  1663 | D:2      | Reached skill level 4 in Axes
  2045 | D:2      | Reached XP level 4. HP: 23/28 MP: 4/4
  2533 | D:3      | Found a snail-covered altar of Cheibriados.
  3078 | D:3      | Reached skill level 5 in Axes
  3202 | D:3      | Reached XP level 5. HP: 32/32 MP: 5/5
  3585 | D:4      | Reached *** piety under Trog
  3589 | D:4      | Reached XP level 6. HP: 35/37 MP: 6/6
  3705 | D:4      | Reached skill level 6 in Axes
  3752 | D:4      | Found a sacrificial altar of Ru.
  3986 | D:4      | Found a staircase to the Ecumenical Temple.
  4045 | D:5      | Entered Level 5 of the Dungeon
  4115 | D:5      | Reached skill level 7 in Axes
  4115 | D:5      | Reached XP level 7. HP: 34/41 MP: 7/7
  4558 | D:5      | Found Ygrunt's Antique Weapon Emporium.
  4580 | D:5      | Reached skill level 8 in Axes
  4627 | D:5      | Noticed Agrougrou's ghost (novice DECj)
  4627 | D:5      | Reached **** piety under Trog
  4645 | D:5      | Killed Agrougrou's ghost
  4645 | D:5      | Reached XP level 8. HP: 41/46 MP: 8/8
  4710 | D:5      | Reached skill level 9 in Axes
  4730 | D:5      | Noticed Menkaure
  4749 | D:5      | Killed Menkaure
  4837 | D:5      | Noticed Blork the orc
  4857 | D:5      | Killed Blork the orc
  5040 | D:5      | Reached skill level 10 in Axes
  5099 | D:5      | Noticed Pikel
  5120 | D:5      | Killed Pikel
  5120 | D:5      | Reached XP level 9. HP: 51/51 MP: 9/9
  5378 | D:5      | Reached skill level 11 in Axes
  5879 | D:6      | Found an opulent altar of Gozag.
  6209 | D:6      | Noticed Grinder
  6218 | D:6      | Killed Grinder
  6218 | D:6      | Received a gift from Trog
  6313 | D:6      | Reached skill level 12 in Axes
  6997 | D:7      | Reached XP level 10. HP: 52/56 MP: 10/10
  7225 | D:7      | Got an ancient turquoise ring
  7307 | D:7      | Reached ***** piety under Trog
  7351 | D:7      | Reached skill level 13 in Axes
  8174 | D:8      | Identified the ring "Kuvec" {rN+ Str+7 Dex+4} (You found it on level 7 of the Dungeon)
  8629 | D:8      | Reached skill level 14 in Axes
  8735 | D:9      | Found a white marble altar of Elyvilon.
  8735 | D:9      | Found an iron altar of Okawaru.
  8735 | D:9      | Found a snail-covered altar of Cheibriados.
  8735 | D:9      | Found a bloodstained altar of Trog.
  8735 | D:9      | Found a hide-covered altar of Uskayaw.
  9246 | D:9      | Noticed a two-headed ogre
  9460 | D:9      | Killed a two-headed ogre
  9460 | D:9      | Reached XP level 11. HP: 57/60 MP: 11/11
  9955 | D:9      | Found a staircase to the Orcish Mines.
 10029 | D:10     | Entered Level 10 of the Dungeon
 10045 | D:10     | Noticed a two-headed ogre
 10052 | D:10     | Killed a two-headed ogre
 10052 | D:10     | Reached skill level 15 in Axes
 10060 | D:10     | Received a gift from Trog
 10082 | D:10     | Noticed a two-headed ogre
 10278 | D:10     | Killed a two-headed ogre
 10654 | D:10     | Noticed Urug
 10688 | D:10     | Killed Urug
 10928 | D:10     | Noticed Psyche
 10938 | D:10     | Killed Psyche
 11177 | D:10     | Noticed Sonja
 11219 | D:10     | Killed Sonja
 11219 | D:10     | Reached skill level 16 in Axes
 11280 | D:10     | Found a staircase to the Lair.
 11490 | Lair:1   | Entered Level 1 of the Lair of Beasts
 11998 | Lair:1   | Reached XP level 12. HP: 49/68 MP: 12/12
 12174 | Lair:1   | Reached skill level 5 in Fighting
 13500 | Lair:2   | Noticed Gastronok
 13515 | Lair:2   | Killed Gastronok
 14485 | Lair:2   | Got a bloodstained war axe
 14486 | Lair:2   | Identified the +12 war axe "Muum" {protect, +Fly rC+ rN+} (You found it on level 2 of the Lair of Beasts)
 14730 | Lair:3   | Reached skill level 10 in Fighting
 14747 | Lair:3   | Reached ****** piety under Trog
 14748 | Lair:3   | Found a staircase to the Swamp.
 15067 | Lair:3   | Noticed a five-headed hydra
 15087 | Lair:3   | Killed a nine-headed hydra
 15502 | Lair:3   | Received a gift from Trog
 15574 | Lair:3   | Noticed a six-headed hydra
 15584 | Lair:3   | Killed a ten-headed hydra
 15584 | Lair:3   | Reached XP level 13. HP: 83/85 MP: 4/13
 15804 | Lair:3   | Got an ichor-stained ring mail
 15815 | Lair:3   | Identified the cursed +0 ring mail of Subjectivity {*Slow +Inv +Fly Stlth+} (You found it on level 3 of the Lair of Beasts)
 16424 | Lair:4   | Reached skill level 5 in Armour
 16612 | Lair:4   | Found a staircase to the Snake Pit.
 18248 | Lair:5   | Received a gift from Trog
 18435 | Lair:5   | Gained mutation: Your large and strong wings let you fly indefinitely. [Gargoyle growth]
 18435 | Lair:5   | Reached XP level 14. HP: 92/92 MP: 4/14
 18482 | Lair:5   | Found a viscous altar of Jiyva.
 18483 | Lair:5   | Found a staircase to the Slime Pits.
 18750 | Lair:6   | Entered Level 6 of the Lair of Beasts
 18762 | Lair:6   | Reached skill level 17 in Axes
 19396 | Lair:6   | Slain by a yak

Skill      XL: |  1  2  3  4  5  6  7  8  9 10 11 12 13 14 |
---------------+-------------------------------------------+-----
Axes           | 3 4 5 7 8 10 12 14 16 17 | 17.3
Fighting       | 4 11 12 | 12.0
Armour         | 9 |  9.8
Dodging        | |  1.5

Action                   |  1- 3 |  4- 6 |  7- 9 | 10-12 | 13-15 || total
-------------------------+-------+-------+-------+-------+-------++-------
Melee: Hand axe          |   129 |   245 |   373 |       |       ||   747
       Battleaxe         |       |       |    90 |   596 |       ||   686
       War axe           |       |       |       |    75 |       ||    75
       Executioner's axe |       |       |       |     9 |   235 ||   244
Invok: Berserk           |       |     3 |     9 |    26 |     7 ||    45
       Burn Spellbooks   |       |       |       |     2 |       ||     2
       Trog's Hand       |       |       |       |       |     1 ||     1
       Brothers in Arms  |       |       |       |       |     1 ||     1
  Use: Scroll            |       |       |       |    14 |     1 ||    15
       Potion            |       |       |       |     1 |       ||     1
 Stab: Sleeping          |     2 |       |       |       |       ||     2
       Distracted        |       |       |       |       |     1 ||     1
  Eat: Chunk             |     4 |     9 |    19 |    41 |    15 ||    88
       Bread ration      |       |       |       |     2 |       ||     2
       Fruit             |       |       |       |     3 |     4 ||     7
Armor: Animal skin       |    43 |       |       |       |       ||    43
       Chain mail        |       |   151 |   246 |   312 |       ||   709
       Ring mail         |       |       |       |    71 |    85 ||   156
       Skin              |       |       |       |       |    22 ||    22
Dodge: Dodged            |    78 |   105 |   144 |   265 |   150 ||   742
